| TOP OF THE 1ST |
|
Danville Braves batting - Pitching for Johnson City Cardinals : LHP Matt Rossiter
|
|
Pitching: LHP Matt Rossiter
|
|
|
Batting: RHB Danny Dimas
|
0-0: Ball 1-0: Foul Ball, location: 2F 1-1: Foul Ball, location: 2F 1-2: Ball 2-2: Strikes out swinging
|
|
Batting: LHB Mitsujiro Tanaka
|
0-0: SINGLE (Line Drive, 5D, EV 102.5 MPH)
|
|
Batting: LHB Ivan Castillo
|
0-0: Ball 1-0: Foul Ball, location: 2F 1-1: Called Strike 1-2: Foul Ball, location: 2F 1-2: DOUBLE (Line Drive, 7LS, EV 91.9 MPH) Mitsujiro Tanaka to third
|
|
Batting: RHB Carlos Livas
|
0-0: Ball 1-0: Ball 2-0: Called Strike 2-1: Ball 3-1: TRIPLE (Flyball, 8RXD, EV 98.8 MPH) Mitsujiro Tanaka scores Ivan Castillo scores
|
|
Batting: RHB Rodolfo Cosme
|
0-0: Ground out 3-1 (Groundball, 34, EV 83.8 MPH) Carlos Livas scores
|
|
Batting: RHB Roberto Rios
|
0-0: Ball 1-0: Called Strike 1-1: Ball 2-1: Reached on error, E5 (Groundball, 5, EV 96.9 MPH)
|
|
Batting: RHB Vicente Guillen
|
0-0: Called Strike 0-1: Ball 1-1: 2-RUN HOME RUN (Flyball, 78XD, EV 109.4 MPH), Distance : 415 ft
|
|
Batting: RHB Roman Lauder
|
0-0: Ball 1-0: Ball 2-0: Ball 3-0: Base on Balls
|
|
Batting: RHB Aaron Sartini
|
0-0: Ball 1-0: Swinging Strike 1-1: Ball 2-1: Swinging Strike 2-2: Strikes out swinging
|
| Top of the 1st over - 5 runs, 4 hits, 1 error, 1 left on base; Danville 5 - Johnson City 0 |
| BOTTOM OF THE 1ST |
|
Johnson City Cardinals batting - Pitching for Danville Braves : RHP Jose Clemente
|
|
Pitching: RHP Jose Clemente
|
|
|
Batting: RHB Juan Carrillo
|
0-0: Foul Ball, location: 2F 0-1: Ball 1-1: Ball 2-1: Foul Ball, location: 2F 2-2: Strikes out swinging
|
|
Batting: RHB Kyle Burns
|
0-0: Fly out, F7 (Flyball, 78M, EV 86.2 MPH)
|
|
Batting: SHB Justin Houser
|
0-0: Swinging Strike 0-1: Ball 1-1: Foul Ball, location: 2F 1-2: Foul Ball, location: 2F 1-2: Ground out 6-3 (Groundball, 4M, EV 80.0 MPH)
|
| Bottom of the 1st over - 0 runs, 0 hits, 0 errors, 0 left on base; Danville 5 - Johnson City 0 |
| TOP OF THE 2ND |
|
Danville Braves batting - Pitching for Johnson City Cardinals : LHP Matt Rossiter
|
|
Batting: RHB Danny Dimas
|
0-0: Fly out, F8 (Flyball, 8RD, EV 91.2 MPH)
|
|
Batting: LHB Mitsujiro Tanaka
|
0-0: Foul Ball, location: 2F 0-1: Ball 1-1: Foul Ball, location: 2F 1-2: Ball 2-2: Ball 3-2: SOLO HOME RUN (Flyball, 9D, EV 104.4 MPH), Distance : 398 ft
|
|
Batting: LHB Ivan Castillo
|
0-0: Ball 1-0: Ball 2-0: Ball 3-0: Called Strike 3-1: Foul Ball, location: 2F 3-2: Fly out, F5 (Popup, 5SF, EV 82.5 MPH)
|
|
Batting: RHB Carlos Livas
|
0-0: Ball 1-0: Ball 2-0: Ball 3-0: Base on Balls
|
|
Batting: RHB Rodolfo Cosme
|
0-0: Ball 1-0: Foul Ball, location: 2F 1-1: Reached on error, E4 (Groundball, 4MD, EV 84.4 MPH) Carlos Livas to second
|
|
Batting: RHB Roberto Rios
|
0-0: Ball 1-0: Foul Ball, location: 2F 1-1: Foul Ball, location: 2F 1-2: Strikes out looking
|
| Top of the 2nd over - 1 run, 1 hit, 1 error, 2 left on base; Danville 6 - Johnson City 0 |
| BOTTOM OF THE 2ND |
|
Johnson City Cardinals batting - Pitching for Danville Braves : RHP Jose Clemente
|
|
Batting: LHB Ignacio Ocampo
|
0-0: Ball 1-0: DOUBLE (Line Drive, 7LD, EV 111.2 MPH)
|
|
Batting: RHB McGwire Jones
|
0-0: Called Strike 0-1: Ball 1-1: 2-RUN HOME RUN (Flyball, 7D, EV 103.8 MPH), Distance : 423 ft
|
|
Batting: RHB Jonathan Winkler
|
0-0: Called Strike 0-1: Ball 1-1: Foul Ball, location: 2F 1-2: Ball 2-2: Ball 3-2: Foul Ball, location: 2F 3-2: Foul Ball, location: 2F 3-2: Foul Ball, location: 2F 3-2: Base on Balls
|
|
Batting: SHB Justin Towry
|
0-0: Ball 1-0: Foul Ball, location: 2F 1-1: Ball 2-1: Called Strike 2-2: SINGLE (Groundball, 6MS, EV 72.5 MPH) (infield hit) Jonathan Winkler to second
|
|
Batting: RHB Johnny Lowe
|
0-0: Ball 1-0: Swinging Strike 1-1: Ball 2-1: Ball 3-1: Called Strike 3-2: Strikes out swinging
|
|
Batting: RHB Pablo Nunez
|
0-0: Hit by Pitch Jonathan Winkler to third Justin Towry to second
|
|
Batting: RHB Juan Carrillo
|
0-0: Called Strike 0-1: Ball 1-1: Ball 2-1: Ground out 5-3 (Groundball, 56S, EV 68.8 MPH) Jonathan Winkler scores Justin Towry to third Pablo Nunez to second
|
|
Batting: RHB Kyle Burns
|
0-0: Ball 1-0: Swinging Strike 1-1: Foul Ball, location: 2F 1-2: Foul Ball, location: 2F 1-2: Ground out U3 (Groundball, 34S, EV 90.0 MPH)
|
| Bottom of the 2nd over - 3 runs, 3 hits, 0 errors, 2 left on base; Danville 6 - Johnson City 3 |
| TOP OF THE 3RD |
|
Danville Braves batting - Pitching for Johnson City Cardinals : LHP Matt Rossiter
|
|
Batting: RHB Vicente Guillen
|
0-0: Ball 1-0: Ball 2-0: Swinging Strike 2-1: SINGLE (Line Drive, 8RS, EV 95.0 MPH)
|
|
Batting: RHB Roman Lauder
|
0-0: Swinging Strike 0-1: Ball Vicente Guillen is caught stealing 2nd base 2-4 1-1: Swinging Strike 1-2: Fly out, F4 (Popup, 34, EV 75.6 MPH)
|
|
Batting: RHB Aaron Sartini
|
0-0: Ball 1-0: Foul Ball, location: 2F 1-1: Foul Ball, location: 2F 1-2: Strikes out looking
|
| Top of the 3rd over - 0 runs, 1 hit, 0 errors, 0 left on base; Danville 6 - Johnson City 3 |
| BOTTOM OF THE 3RD |
|
Johnson City Cardinals batting - Pitching for Danville Braves : RHP Jose Clemente
|
|
Batting: SHB Justin Houser
|
0-0: Ball 1-0: Ball 2-0: Foul Ball, location: 2F 2-1: SINGLE (Groundball, 25, EV 65.0 MPH) (infield hit)
|
|
Batting: LHB Ignacio Ocampo
|
0-0: Ball 1-0: Ball 2-0: Fielders Choice at 2nd, 4-6 (Groundball, 4, EV 98.1 MPH)
|
|
Batting: RHB McGwire Jones
|
0-0: Ball 1-0: Ball 2-0: Ball 3-0: Called Strike 3-1: Base on Balls Ignacio Ocampo to second
|
|
Batting: RHB Jonathan Winkler
|
0-0: Called Strike 0-1: Grounds into double play, 4-6-3 (Groundball, 4, EV 88.1 MPH)
|
| Bottom of the 3rd over - 0 runs, 1 hit, 0 errors, 1 left on base; Danville 6 - Johnson City 3 |
| TOP OF THE 4TH |
|
Danville Braves batting - Pitching for Johnson City Cardinals : LHP Matt Rossiter
|
|
Batting: RHB Danny Dimas
|
0-0: Ball 1-0: Foul Ball, location: 2F 1-1: Ball 2-1: Swinging Strike 2-2: Strikes out swinging
|
|
Batting: LHB Mitsujiro Tanaka
|
0-0: Called Strike 0-1: Ground out U3 (Groundball, 3, EV 95.0 MPH)
|
|
Batting: LHB Ivan Castillo
|
0-0: Ball 1-0: Ball 2-0: Ground out 5-3 (Groundball, 56, EV 105.0 MPH)
|
| Top of the 4th over - 0 runs, 0 hits, 0 errors, 0 left on base; Danville 6 - Johnson City 3 |
| BOTTOM OF THE 4TH |
|
Johnson City Cardinals batting - Pitching for Danville Braves : RHP Jose Clemente
|
|
Batting: SHB Justin Towry
|
0-0: Ball 1-0: Foul Ball, location: 2F 1-1: Foul Ball, location: 2F 1-2: Fly out, F8 (Flyball, 8LXD, EV 111.2 MPH)
|
|
Batting: RHB Johnny Lowe
|
0-0: Ball 1-0: Foul Ball, location: 2F 1-1: Ball 2-1: Ball 3-1: Base on Balls
|
|
Batting: RHB Pablo Nunez
|
0-0: Hit by Pitch Johnny Lowe to second
|
|
Batting: RHB Juan Carrillo
|
0-0: Ball 1-0: Called Strike 1-1: Ball 2-1: Swinging Strike 2-2: Grounds into double play, 6-4-3 (Groundball, 6, EV 91.9 MPH)
|
| Bottom of the 4th over - 0 runs, 0 hits, 0 errors, 1 left on base; Danville 6 - Johnson City 3 |
| TOP OF THE 5TH |
|
Danville Braves batting - Pitching for Johnson City Cardinals : LHP Matt Rossiter
|
|
Batting: RHB Carlos Livas
|
0-0: Ball 1-0: Called Strike 1-1: TRIPLE (Flyball, 9LD, EV 100.6 MPH)
|
|
Pitching: RHP Jeremy Bonita
|
|
|
Batting: RHB Rodolfo Cosme
|
0-0: Ball 1-0: Ball 2-0: Ball 3-0: Called Strike 3-1: Fly out, F8 (Flyball, 78D, EV 95.6 MPH) Runner from 3rd tags up, SCORES, throw by CF
|
|
Batting: RHB Roberto Rios
|
0-0: Foul Ball, location: 2F 0-1: Called Strike 0-2: Ground out 3-1 (Groundball, 34, EV 85.6 MPH)
|
|
Batting: RHB Vicente Guillen
|
0-0: Called Strike 0-1: Foul Ball, location: 2F 0-2: Ball 1-2: Strikes out looking
|
| Top of the 5th over - 1 run, 1 hit, 0 errors, 0 left on base; Danville 7 - Johnson City 3 |
| BOTTOM OF THE 5TH |
|
Johnson City Cardinals batting - Pitching for Danville Braves : RHP Jose Clemente
|
|
Batting: RHB Kyle Burns
|
0-0: Foul Ball, location: 2F 0-1: Fly out, F9 (Flyball, 89D, EV 74.4 MPH)
|
|
Batting: SHB Justin Houser
|
0-0: Fly out, F9 (Flyball, 9, EV 92.5 MPH)
|
|
Batting: LHB Ignacio Ocampo
|
0-0: Foul Ball, location: 2F 0-1: Ball 1-1: Ball 2-1: Called Strike 2-2: Ground out 5-3 (Groundball, 56, EV 82.5 MPH)
|
| Bottom of the 5th over - 0 runs, 0 hits, 0 errors, 0 left on base; Danville 7 - Johnson City 3 |
| TOP OF THE 6TH |
|
Danville Braves batting - Pitching for Johnson City Cardinals : RHP Jeremy Bonita
|
|
Batting: RHB Roman Lauder
|
0-0: Swinging Strike 0-1: Ball 1-1: Foul Ball, location: 2F 1-2: Strikes out looking
|
|
Batting: RHB Aaron Sartini
|
0-0: Ball 1-0: Reached via error on a dropped throw from SS, E3 (Groundball, 6, EV 105.6 MPH)
|
|
Batting: RHB Danny Dimas
|
0-0: Foul Ball, location: 2F 0-1: Called Strike 0-2: Ball 1-2: Strikes out swinging
|
|
Batting: LHB Mitsujiro Tanaka
|
Balk! Aaron Sartini to second 0-0: Intentional Walk
|
|
Batting: LHB Ivan Castillo
|
0-0: Ball 1-0: Swinging Strike 1-1: Swinging Strike 1-2: Strikes out swinging
|
| Top of the 6th over - 0 runs, 0 hits, 1 error, 2 left on base; Danville 7 - Johnson City 3 |
| BOTTOM OF THE 6TH |
|
Johnson City Cardinals batting - Pitching for Danville Braves : RHP Jose Clemente
|
|
Batting: RHB McGwire Jones
|
0-0: Ball 1-0: Foul Ball, location: 2F 1-1: Foul Ball, location: 2F 1-2: Ball 2-2: SOLO HOME RUN (Flyball, 7D, EV 115.0 MPH), Distance : 422 ft
|
|
Batting: RHB Jonathan Winkler
|
0-0: Ball 1-0: Ball 2-0: Ball 3-0: Base on Balls
|
|
Batting: SHB Justin Towry
|
0-0: Called Strike 0-1: Called Strike 0-2: Ball 1-2: Ball 2-2: Fly out, F5 (Popup, 5SF, EV 65.0 MPH)
|
|
Batting: RHB Johnny Lowe
|
0-0: Ball Jonathan Winkler steals 2nd base 1-0: Called Strike 1-1: Called Strike 1-2: Ground out 6-3 (Groundball, 6, EV 104.4 MPH)
|
|
Batting: RHB Pablo Nunez
|
0-0: Fly out, F8 (Flyball, 78XD, EV 98.8 MPH)
|
| Bottom of the 6th over - 1 run, 1 hit, 0 errors, 1 left on base; Danville 7 - Johnson City 4 |
| TOP OF THE 7TH |
|
Danville Braves batting - Pitching for Johnson City Cardinals : RHP Jeremy Bonita
|
|
Batting: RHB Carlos Livas
|
0-0: Called Strike 0-1: Foul Ball, location: 2F 0-2: Ground out 5-3 (Groundball, 5S, EV 86.2 MPH)
|
|
Batting: RHB Rodolfo Cosme
|
0-0: Ball 1-0: Called Strike 1-1: Ground out 5-3 (Groundball, 56, EV 76.2 MPH)
|
|
Batting: RHB Roberto Rios
|
0-0: Called Strike 0-1: Ball 1-1: Fly out, F9 (Flyball, 9LD, EV 95.0 MPH)
|
| Top of the 7th over - 0 runs, 0 hits, 0 errors, 0 left on base; Danville 7 - Johnson City 4 |
| BOTTOM OF THE 7TH |
|
Johnson City Cardinals batting - Pitching for Danville Braves : RHP Jose Clemente
|
|
Batting: RHB Juan Carrillo
|
0-0: Ball 1-0: Called Strike 1-1: Ball 2-1: Foul Ball, location: 2F 2-2: Ball 3-2: Foul Ball, location: 2F 3-2: Base on Balls
|
|
Pitching: RHP Tyler Duffy
|
|
|
Batting: RHB Kyle Burns
|
0-0: Ball 1-0: SINGLE (Line Drive, 9S, EV 89.4 MPH) Juan Carrillo to second Runner from 2nd tries for 3rd, SAFE, throw by RF made to third
|
|
Batting: SHB Justin Houser
|
0-0: Ball 1-0: Swinging Strike 1-1: SINGLE (Line Drive, 5D, EV 98.1 MPH) Juan Carrillo scores Kyle Burns to second
|
|
Batting: LHB Ignacio Ocampo
|
0-0: Ball 1-0: Called Strike 1-1: Foul Ball, location: 2F 1-2: Fly out, F7 (Flyball, 7, EV 90.0 MPH)
|
|
Batting: RHB McGwire Jones
|
0-0: Ball 1-0: Called Strike 1-1: Ball 2-1: Ball 3-1: Base on Balls Kyle Burns to third Justin Houser to second
|
|
Pinch Hitting: LHB Mike East
|
0-0: Foul Ball, location: 2F 0-1: Grounds into double play, 4-2-3 (Groundball, 4, EV 85.0 MPH)
|
| Bottom of the 7th over - 1 run, 2 hits, 0 errors, 2 left on base; Danville 7 - Johnson City 5 |
| TOP OF THE 8TH |
|
Danville Braves batting - Pitching for Johnson City Cardinals : RHP Jeremy Bonita
|
|
Now in RF: Mike East
|
|
|
Batting: RHB Vicente Guillen
|
0-0: Ball 1-0: Ball 2-0: Swinging Strike 2-1: Swinging Strike 2-2: Ball 3-2: Foul Ball, location: 2F 3-2: Foul Ball, location: 2F 3-2: Strikes out looking
|
|
Batting: LHB Diego Garcia
|
0-0: DOUBLE (Line Drive, 8RXD, EV 103.1 MPH)
|
|
Pitching: RHP Steve Langlois
|
|
|
Batting: RHB Aaron Sartini
|
0-0: Called Strike 0-1: Called Strike 0-2: Ball 1-2: Strikes out swinging
|
|
Batting: RHB Danny Dimas
|
0-0: Called Strike 0-1: Ground out 6-3 (Groundball, P, EV 93.1 MPH)
|
| Top of the 8th over - 0 runs, 1 hit, 0 errors, 1 left on base; Danville 7 - Johnson City 5 |
| BOTTOM OF THE 8TH |
|
Johnson City Cardinals batting - Pitching for Danville Braves : RHP Tyler Duffy
|
|
Batting: SHB Justin Towry
|
0-0: Ball 1-0: Called Strike 1-1: Called Strike 1-2: Foul Ball, location: 2F 1-2: Ball 2-2: Foul Ball, location: 2F 2-2: Foul Ball, location: 2F 2-2: SINGLE (Line Drive, 6MD, EV 96.2 MPH)
|
|
Batting: RHB Johnny Lowe
|
0-0: TRIPLE (Flyball, 78XD, EV 94.4 MPH) Justin Towry scores
|
|
Batting: RHB Pablo Nunez
|
0-0: Called Strike 0-1: Foul Ball, location: 2F 0-2: TRIPLE (Line Drive, 89XD, EV 108.1 MPH) Johnny Lowe scores
|
|
Pinch Hitting: LHB Billy Lang
|
0-0: Ball 1-0: Swinging Strike 1-1: Foul Ball, location: 2F 1-2: SINGLE (Groundball, 56D, EV 97.5 MPH) Pablo Nunez scores
|
|
Batting: RHB Kyle Burns
|
0-0: Called Strike 0-1: Foul Ball, location: 2F 0-2: Ball 1-2: SINGLE (Line Drive, 4D, EV 96.9 MPH) Billy Lang to second Runner from 2nd tries for 3rd, SAFE, no throw by CF
|
|
Batting: SHB Justin Houser
|
0-0: SINGLE (Line Drive, 9LS, EV 91.2 MPH) Billy Lang scores Kyle Burns to second Runner from 2nd tries for 3rd, SAFE, throw by RF made to third
|
|
Pitching: RHP Jason Barber
|
|
|
Batting: LHB Ignacio Ocampo
|
0-0: Hit by Pitch Justin Houser to second
|
|
Batting: RHB McGwire Jones
|
0-0: Foul Ball, location: 2F 0-1: Ball Wild Pitch! Kyle Burns scores Justin Houser to third Ignacio Ocampo to second 1-1: Foul Ball, location: 2F 1-2: Strikes out swinging
|
|
Batting: LHB Mike East
|
0-0: Ball 1-0: Foul Ball, location: 2F 1-1: Foul Ball, location: 2F 1-2: SINGLE (Groundball, 3, EV 94.4 MPH) Justin Houser scores Ignacio Ocampo to third Runner from 3rd tries for Home, SAFE, throw by RF to home Mike East to second
|
|
Batting: SHB Justin Towry
|
0-0: Ball 1-0: Ground out 4-3 (Groundball, 4, EV 84.4 MPH) Mike East to third
|
|
Batting: RHB Johnny Lowe
|
0-0: Called Strike 0-1: Ball 1-1: Ground out 5-3 (Groundball, 5S, EV 68.1 MPH)
|
| Bottom of the 8th over - 7 runs, 7 hits, 0 errors, 1 left on base; Danville 7 - Johnson City 12 |
| TOP OF THE 9TH |
|
Danville Braves batting - Pitching for Johnson City Cardinals : RHP Steve Langlois
|
|
Now at 2B: Edgar Klockow
|
|
|
Now at SS: Johnny Lowe
|
|
|
Batting: LHB Mitsujiro Tanaka
|
0-0: Called Strike 0-1: Foul Ball, location: 2F 0-2: Ball 1-2: Strikes out swinging
|
|
Batting: LHB Ivan Castillo
|
0-0: Ground out 6-3 (Groundball, 6, EV 81.9 MPH)
|
|
Batting: RHB Carlos Livas
|
0-0: Ball 1-0: Ball 2-0: Called Strike 2-1: SINGLE (Groundball, 56D, EV 101.2 MPH)
|
|
Batting: RHB Rodolfo Cosme
|
0-0: Ball 1-0: Called Strike 1-1: Ball 2-1: Ball 3-1: Called Strike 3-2: Fly out, F5 (Popup, 5SF, EV 82.5 MPH)
|
| Top of the 9th over - 0 runs, 1 hit, 0 errors, 1 left on base; Danville 7 - Johnson City 12 |
|